 Dungeon Crawl Stone Soup version 0.27.1-3-gb3d3a73c9e (webtiles) character file.

Game seed: 16632272830564956596

273 Cykl0x the Covered (level 6, 0/53 HPs)
             Began as a Minotaur Fighter on Oct 28, 2021.
             Killed by divine providence
             ... invoked by an orc priest
              (9 damage)
             ... on level 3 of the Dungeon.
             The game lasted 00:03:07 (2456 turns).

Cykl0x the Covered (Minotaur Fighter)               Turns: 2456, Time: 00:03:09

Health: 0/53       AC:  8    Str: 22    XL:     6   Next: 2%
Magic:  5/5        EV:  9    Int:  5    God:
Gold:   97         SH:  9    Dex: 10    Spells: 5/5 levels left

rFire    . . .     SeeInvis .   a - +0 long sword
rCold    . . .     Faith    .   c - +0 kite shield
rNeg     . . .     Spirit   .   f - +2 ring mail {rPois}
rPois    +         Reflect  .   (helmet restricted)
rElec    .         Harm     .   (no cloak)
rCorr    .         Rampage  .   (no gloves)
Will     .....                  (no boots)
Stlth    ..........             (no amulet)
HPRegen  0.17/turn              (no ring)
MPRegen  0.09/turn              (no ring)

@: no status effects
A: horns 2, retaliatory headbutt
a: no special abilities


You were on level 3 of the Dungeon.
You visited 1 branch of the dungeon, and saw 3 of its levels.

You collected 97 gold pieces.

Inventory:

Hand Weapons
 a - a +0 long sword (weapon)
Missiles
 i - 57 stones (quivered)
Armour
 b - a +0 scale mail
 c - a +0 kite shield (worn)
 f - a +2 ring mail of poison resistance (worn)
Scrolls
 e - a scroll of silence {unknown}
 g - 2 scrolls of magic mapping {unknown}
 h - 3 scrolls of identify {unknown}
 k - a scroll of immolation {unknown}
Potions
 d - a potion of might
 j - a potion of cancellation {unknown}


   Skills:
 + Level 4.4 Fighting
 + Level 4.4 Long Blades
 * Level 0.2 Throwing
 + Level 4.7 Armour
 + Level 3.1 Dodging
 + Level 4.5 Shields


You had 5 spell levels left.
You didn't know any spells.
Your spell library was empty.

Dungeon Overview and Level Annotations

Branches:
Dungeon (3/15)

Altars:


Innate Abilities, Weirdness & Mutations

You have a pair of horns on your head.
You reflexively headbutt those who attack you in melee.


Message History

Beogh smites you!
You hear a shout!
You hear a shout!
An orc comes into view. It is wielding a +0 dagger.
The orc hits you with a +0 hand axe.
The orc priest hits you with a +0 short sword.
You hear a shout!
You hit the orc priest.
The orc priest is moderately wounded.
You block the orc's attack. You block the orc priest's attack.
An orc comes into view. It is wielding a +0 flail.
The orc shouts!
You hit the orc priest. Your headbutt misses the orc priest.
The orc priest is moderately wounded.
You hear a shout!
The orc hits you but does no damage.
The orc priest begins to cast a cantrip, but forgets the words!
The orc priest hits you with a +0 short sword.
You block the orc's attack.
You hear an angry hiss.
You hear a shout!
You hit the orc priest but do no damage.
The orc priest is moderately wounded.
An orc wizard comes into view. It is wielding a +0 dagger.
The orc priest hits you but does no damage.
An orc comes into view. It is wielding a +0 hand axe.
You block the orc's attack.
Unknown command.
You hit the orc priest.
The orc priest is severely wounded.
You block the orc's attack.
The orc priest mumbles some strange prayers to Beogh against you.
Pain shoots through your body!
* * * LOW HITPOINT WARNING * * *
You block the orc's attack.
An orc comes into view. It is wielding a +0 club.
The orc barely misses you.
You riposte.
You hit the orc.
The orc is heavily wounded.
The orc priest mumbles some strange prayers to Beogh against you.
Beogh smites you!
You die...

#...# ... ...## ...
..... # #(# #..... #.
#(# ...... ##
#.##(####...... # #.#
#........(..... #.
#.####....oo...o..
#.###).......@o.o.o..
#..#.########.####o.#
#.#.## #.# #[#.# #.#
#.#.# #.#
#.#(#########.#
#.#...<.......#
#.##..#######..
#.....#


You could see an orc priest, an orc wizard and 5 orcs.

Vanquished Creatures
  Sigmund (D:2)
  Natasha (D:2)
  3 adders
  A worm (D:2)
  2 dart slugs (D:2)
  3 endoplasms (D:1)
  2 goblins (D:1)
  11 hobgoblins
  3 quokkas
  7 ball pythons
  7 bats
  6 frilled lizards
  6 kobolds
  7 rats
60 creatures vanquished.

Notes
Turn   | Place    | Note
-------+----------+-------------------------------------------
     0 | D:1      | Cykl0x the Minotaur Fighter began the quest for the Orb.
     0 | D:1      | Reached XP level 1. HP: 19/19 MP: 0/0
   148 | D:1      | Reached XP level 2. HP: 25/27 MP: 1/1
   346 | D:1      | Reached skill level 1 in Dodging
   630 | D:1      | Reached XP level 3. HP: 33/33 MP: 2/2
  1240 | D:2      | Noticed Sigmund
  1350 | D:2      | Killed Sigmund
  1351 | D:2      | Reached XP level 4. HP: 16/41 MP: 3/3
  1351 | D:2      | Reached XP level 5. HP: 18/47 MP: 4/4
  1976 | D:2      | Noticed Natasha
  1978 | D:2      | Killed Natasha
  2188 | D:2      | Reached XP level 6. HP: 53/53 MP: 5/5
  2456 | D:3      | Killed from afar by an orc priest

Illustrated notes

Levels and vault maps discovered:
D:1:      lemuel_arrival_river_ford, layout_loops_cross,
          chequers_serial_rivers_micro_a, corexii_leaking_fountain,
          ebering_dispersal_statue_hall
D:2:      minmay_door_path, layout_loops_ring, uniq_natasha, uniq_sigmund
D:3:      layout_loops_ring, lemuel_zombie_altar_yredelemnul,
          amethyst_overflow_temple_binary, vehumet_statue

Skill      XL: |  1  2  3  4  5 |
---------------+----------------+-----
Armour         | 4 |  4.7
Dodging        | 1 2 3 |  3.1
Fighting       | 4 |  4.4
Long Blades    | 4 |  4.4
Shields        | 4 |  4.5
Throwing       | |  0.2

Action                   |  1- 3 |  4- 6 || total
-------------------------+-------+-------++-------
Melee: Long sword        |    89 |    36 ||   125
       Headbutt          |    15 |     4 ||    19
Throw: Stone             |     4 |    28 ||    32
  Use: Potion            |     1 |       ||     1
Armor: Scale mail        |     6 |       ||     6
       Ring mail         |    32 |    11 ||    43
Dodge: Dodged            |    45 |    13 ||    58
Block: Kite shield       |    50 |    21 ||    71
       Rpst.: Long sword |    10 |     3 ||    13
